AoeStats
← black

Lombardia

509542659Analyzed
2v2 RM · 6d ago on Sep 27, 2026· 90m 31s· 4 players
Game mode
Random Map
Map size
Medium (4 player)
Population
200
Speed
Normal
Resources
Standard
Victory
Conquest
Starting age
Dark Age
Ending age
Imperial Age
RankedLock teamsTeams togetherTeam positionsShared explorationLock speedFull tech treeHidden civsTurbo modeCheats
Victory
Defeat
🇦🇷 Franks · Argentina
835
+13
🇦🇷 Britons · Argentina
797
+15
🇦🇷 Bulgarians · Argentina
775
-14
🇦🇷 Mongols · Argentina
774
-14
JohnnyLee
10:40 Loom
12:26 Feudal Age
16:51 Castle Age
14:56 Double-Bit Axe
14:56 Horse Collar
16:44 Stone Mining
19:18 Bow Saw
25:32 Fletching
27:07 Fervor
27:29 Ballistics
27:12 Padded Archer Armor
27:09 Gold Mining
27:56 Bodkin Arrow
28:58 Leather Archer Armor
31:10 Heavy Plow
35:24 Imperial Age
33:39 Bloodlines
33:30 Husbandry
35:10 Thumb Ring
34:49 Light Cavalry
35:42 Forging
36:12 Wheelbarrow
35:15 Pikeman
36:31 Conscription
37:17 Hand Cart
37:24 Bracer
38:21 Parthian Tactics
38:44 Gold Shaft Mining
39:43 Chemistry
39:34 Town Watch
40:05 Scale Barding Armor
39:25 Heavy Camel Rider
41:22 Squires
41:09 Arson
41:29 Scale Mail Armor
41:51 Chain Barding Armor
41:41 Caravan
43:30 Iron Casting
43:15 Nomads
43:29 Hussar
46:45 Elite Mangudai
51:02 Drill
56:17 Blast Furnace
55:32 Chain Mail Armor
55:16 Elite Skirmisher
56:38 Hoardings
67:36 Onager
Wangwen
14:36 Feudal Age
15:33 Double-Bit Axe
15:36 Horse Collar
18:52 Castle Age
17:09 Loom
17:09 Town Watch
17:44 Fletching
19:15 Wheelbarrow
20:06 Bow Saw
20:03 Gold Mining
24:31 Hand Cart
29:58 Forging
32:17 Ballistics
31:53 Murder Holes
32:09 Masonry
33:37 Town Patrol
37:06 Stone Mining
37:51 Gold Shaft Mining
37:34 Caravan
38:25 Bodkin Arrow
38:36 Scale Barding Armor
39:51 Stone Shaft Mining
43:35 Imperial Age
41:52 Heavy Plow
45:10 Crop Rotation
45:43 Chemistry
44:49 Siege Engineers
45:15 Architecture
45:27 Iron Casting
44:52 Bracer
45:13 Chain Barding Armor
45:07 Elite Konnik
46:11 Conscription
45:48 Stirrups
47:22 Blast Furnace
47:51 Plate Barding Armor
60:01 Heavy Scorpion
60:03 Onager
75:50 Pikeman
76:30 Squires
76:16 Arson
77:10 Scale Mail Armor
78:25 Chain Mail Armor
79:33 Plate Mail Armor
79:27 Halberdier
Laucha.10
0:27 Loom
10:24 Feudal Age
11:42 Wheelbarrow
10:53 Town Watch
10:56 Double-Bit Axe
17:07 Horse Collar
21:16 Castle Age
20:57 Stone Mining
21:00 Gold Mining
23:37 Bow Saw
26:51 Heavy Plow
32:11 Imperial Age
31:18 Fletching
31:29 Padded Archer Armor
32:19 Bodkin Arrow
33:30 Hand Cart
34:24 Chemistry
33:43 Leather Archer Armor
34:13 Gold Shaft Mining
36:08 Ring Archer Armor
36:07 Ballistics
37:07 Bracer
37:22 Forging
37:14 Scale Mail Armor
37:39 Conscription
37:42 Yeomen
38:31 Two-Man Saw
38:00 Caravan
39:43 Elite Longbowman
40:34 Siege Engineers
42:22 Town Patrol
42:20 Pikeman
43:01 Squires
42:46 Arson
42:24 Man-at-Arms
42:50 Gambesons
43:25 Chain Mail Armor
43:45 Iron Casting
44:13 Halberdier
45:28 Plate Mail Armor
45:50 Long Swordsman
47:36 Blast Furnace
46:32 Two-Handed Swordsman
48:53 Champion
72:43 Capped Ram
73:45 Onager
81:46 Spies/Treason
black
1:12 Loom
10:31 Feudal Age
10:57 Double-Bit Axe
11:51 Wheelbarrow
21:49 Castle Age
20:32 Scale Barding Armor
22:49 Hand Cart
22:50 Bow Saw
22:04 Light Cavalry
24:10 Gold Mining
24:27 Pikeman
24:52 Gambesons
27:02 Town Watch
28:41 Padded Archer Armor
33:32 Imperial Age
32:19 Elite Skirmisher
34:04 Gold Shaft Mining
35:58 Caravan
36:35 Conscription
37:12 Chain Barding Armor
37:42 Leather Archer Armor
37:46 Cavalier
38:28 Husbandry
41:09 Plate Barding Armor
40:25 Fletching
40:29 Heavy Mounted Crossbowman
43:29 Chemistry
42:24 Murder Holes
41:55 Cranequins
43:24 Gambesons
43:59 Bodkin Arrow
44:52 Ordonnance Companies
46:32 Elite Throwing Axeman
49:00 Chivalry
55:56 Paladin
56:50 Forging
56:40 Scale Mail Armor
58:17 Ballistics
77:42 Iron Casting
Connection lost

Rejoining the realm…

Still unreachable

The connection could not be restored.

Session expired

The server has moved on; the page needs a fresh start.